 Dungeon Crawl Stone Soup version 0.25-a0-474-ga8a2ee3166 (webtiles) character file.

Game seed: 7425882111490244020, levelgen mode: deterministic

240 Eurus the Magician (level 5, 0/40 HPs)
             Began as a Mummy Conjurer on Feb 8, 2020.
             Slain by a mummy (18 damage)
             ... in an ossuary.
             The game lasted 00:12:50 (4376 turns).

Eurus the Magician (Mummy Conjurer)                 Turns: 4376, Time: 00:12:51

Health: 0/40       AC:  5    Str: 11    XL:     5   Next: 79%
Magic:  0/11       EV: 11    Int: 16    God:
Gold:   163        SH:  0    Dex: 12    Spells: 6/13 levels left

rFire    . . .     SeeInvis .   c - +1 dagger
rCold    + . .     Gourm    .   (no shield)
rNeg     + + +     Faith    .   n - +0 leather armour {rF+}
rPois    ∞         Spirit   .   (no helmet)
rElec    .         Reflect  .   (no cloak)
rCorr    .         Harm     .   o - +0 pair of gloves
MR       .....                  h - +0 pair of boots {run}
Stlth    +.........             (no amulet)
HPRegen  0.13/turn              (no ring)
MPRegen  0.12/turn              (no ring)

@: quick
A: no food or potions, fire vulnerability, cold resistance 1, negative energy
resistance 3, torment resistance, unbreathing
a: no special abilities


You were in an ossuary.
You were not hungry.

You visited 1 branch of the dungeon, and saw 4 of its levels.
You also visited: Ossuary.

You collected 163 gold pieces.

Inventory:

Hand Weapons
 c - a +1 dagger (weapon)
Armour
 h - a +0 pair of boots of running (worn)
 n - a +0 leather armour of fire resistance (worn)
 o - a +0 pair of gloves (worn)
Wands
 j - a wand of scattershot (9)
Scrolls
 e - 2 scrolls of identify
 f - 2 scrolls of magic mapping
 i - a scroll of remove curse
 k - a scroll of immolation {unknown}
 l - a scroll of blinking {unknown}
 m - a scroll of amnesia {unknown}
 q - a scroll of enchant armour {unknown}


   Skills:
 + Level 2.8 Fighting
 + Level 0.5 Armour
 - Level 1.5 Dodging
 - Level 1.5 Stealth
 + Level 4.5 Spellcasting
 + Level 4.2 Conjurations
 - Level 1.2 Translocations


You had 6 spell levels left.
You knew the following spells:

 Your Spells              Type           Power        Failure   Level  Hunger
a - Magic Dart            Conj           ###.         3%          1    N/A
b - Searing Ray           Conj           ###...       5%          2    N/A
c - Iskenderun's Mystic   Conj/Tloc      ##......     56%         4    N/A

Your spell library contained the following spells:

 Spells                   Type           Power        Failure   Level  Hunger
 Apportation              Tloc           #.....       13%         1    N/A
 Animate Skeleton         Necr           N/A          22%         1    N/A
 Corona                   Hex            #......      22%         1    N/A
 Summon Small Mammal      Summ           #...         22%         1    N/A
 Dazzling Flash           Conj/Hex       ##....       26%         3    N/A
 Fulminant Prism          Conj/Hex       ##........   65%         4    N/A

Dungeon Overview and Level Annotations

Branches:
Dungeon (4/15)             Temple (0/1) D:4         Ossuary (1/1)

Altars:
The Shining One

Annotations:
D:3 2 transporters, Nixze's ghost, amateur NaTm; Sigmund


Innate Abilities, Weirdness & Mutations

You do not eat or drink.
Your flesh is vulnerable to fire.
You are immune to poison.
Your flesh is cold resistant. (rC+)
You are immune to negative energy. (rN+++)
You are immune to unholy pain and torment.
You can survive without breathing.


Message History

Confirm with . or Enter, or press ? or * to list all spells.
Aiming: Searing Ray (safe; 5% risk of failure)
Press: ? - help, Shift-Dir - straight line, f - mummy
Aim: a mummy The searing ray hits the mummy.
The mummy is moderately damaged. (Press . to maintain the ray.)
The mummy hits you! x2
The searing ray misses the mummy.
The mummy misses you. The mummy barely misses you.
The searing ray hits the mummy!
The mummy is severely damaged.
Without enough magic to sustain it, your searing ray dissipates.
The mummy closely misses you. The mummy misses you.
You hit the mummy but do no damage.
The mummy is severely damaged.
You hit the mummy but do no damage.
The mummy is severely damaged.
The mummy hits you!!
You die...

#######
#.#.#.#
#.....#
#M.M#
#.@.#
#...#
#.∩.#
#...#
##+##


You could see 2 mummies.

Vanquished Creatures
  Natasha (thrice) (D:3)
  A hound zombie (D:2)
  A mummy (Ossuary)
  A gnoll (D:1)
  2 adders
  An ooze (D:1)
  2 adder skeletons (D:2)
  An adder zombie (D:2)
  3 worms
  4 dart slugs
  4 leopard geckos
  4 orcs (D:3)
  A bat skeleton (D:2)
  A bat zombie (D:2)
  2 giant cockroaches
  7 hobgoblins
  8 jackals
  2 ball pythons (D:2)
  7 bats
  2 frilled lizards (D:2)
  8 goblins
  A jackal zombie (D:2)
  8 kobolds
  A leopard gecko skeleton (D:4)
  A quokka zombie (D:2)
  3 rats
79 creatures vanquished.

Notes
Turn   | Place    | Note
-------+----------+-------------------------------------------
     0 | D:1      | Eurus the Mummy Conjurer began the quest for the Orb.
     0 | D:1      | Reached XP level 1. HP: 13/13 MP: 4/4
   341 | D:1      | Reached skill level 1 in Fighting
   341 | D:1      | Reached XP level 2. HP: 2/21 MP: 1/6
   345 | D:1      | Learned a level 2 spell: Searing Ray
   823 | D:1      | Reached XP level 3. HP: 26/26 MP: 2/7
  1293 | D:1      | Found a glowing golden altar of the Shining One.
  1377 | D:2      | Identified a +0 pair of boots of running (You found it on
                  | level 2 of the Dungeon)
  1933 | D:2      | Reached XP level 4. HP: 33/33 MP: 5/9
  1939 | D:2      | Learned a level 4 spell: Iskenderun's Mystic Blast
  2597 | D:3      | Found a transporter.
  2597 | D:3      | Noticed Nixze's ghost (amateur NaTm)
  2611 | D:3      | Noticed Natasha
  2662 | D:3      | Killed Natasha
  2714 | D:3      | Noticed a necrophage
  2715 | D:3      | Found a transporter.
  2719 | D:3      | Reached XP level 5. HP: 39/39 MP: 6/11
  2820 | D:3      | Reached skill level 1 in Translocations
  2948 | D:3      | Noticed Natasha
  2954 | D:3      | Killed Natasha
  3108 | D:3      | Noticed Sigmund
  3607 | D:3      | Noticed Natasha
  3621 | D:3      | Killed Natasha
  4360 | D:4      | Found a sand-covered staircase.
  4365 | Ossuary  | Entered an ossuary
  4376 | Ossuary  | Slain by a mummy

Levels and vault maps discovered:
D:1:      dpeg_arrival_water_altar, layout_rooms, kennysheep_boxes
D:2:      layout_basic, serial_undead, serial_undead_c, serial_undead_d,
          serial_undead_c, serial_undead_a, serial_undead_d, serial_undead_b,
          minivault_4, minivault_27, serial_bayou_lagoon_a
D:3:      layout_basic, gammafunk_ghost_mausoleum, first_ration,
          minmay_quantized, uniq_natasha, uniq_sigmund
D:4:      layout_loops_ring, marbit_many_paths, temple_green,
          nicolae_ossuary_entry_ruins
Ossuary:  ossuary_minmay_chase

Skill      XL: |  1  2  3  4  5 |
---------------+----------------+-----
Spellcasting   | 3 4 |  4.5
Fighting       | 1 2 |  2.8
Conjurations   | 4 |  4.2
Translocations | 1 |  1.2
Armour         | |  0.5
Dodging        | |  1.5
Stealth        | |  1.5

Action                   |  1- 3 |  4- 6 || total
-------------------------+-------+-------++-------
Melee: Dagger            |    43 |    46 ||    89
       Unarmed           |     4 |       ||     4
 Cast: Magic Dart        |    87 |    35 ||   122
       Searing Ray       |     1 |    18 ||    19
  Use: Scroll            |       |     6 ||     6
 Stab: Sleeping          |     1 |       ||     1
Armor: Robe              |    17 |    16 ||    33
       Leather armour    |       |     6 ||     6
Dodge: Dodged            |    34 |    39 ||    73

Table legend:
 A = Non-vault XP
 B = Vault XP
 C = Vault XP percentage of total XP
 D = Non-vault monster count
 E = Vault monster count
 F = Vault count percentage of total count
                 A         B        C        D         E       F
            +---------+---------+-------+---------+---------+-------
      Total |     239 |     104 |  30.3 |      66 |      13 |  16.5
            +---------+---------+-------+---------+---------+-------
        D:1 |      63 |       0 |   0.0 |      23 |       0 |   0.0
        D:2 |      52 |      41 |  44.1 |      23 |       8 |  25.8
        D:3 |     121 |      45 |  27.1 |      18 |       4 |  18.2
        D:4 |       3 |       0 |   0.0 |       2 |       0 |   0.0
    Ossuary |       0 |      18 | 100.0 |       0 |       1 | 100.0
            +---------+---------+-------+---------+---------+-------
